 Dungeon Crawl Stone Soup version 0.30.1-11-g7821555f0a (webtiles) character file.

Game seed: 12441709218635975415

101 jagang the Slasher (level 4, -3/38 HPs)
             Began as a Barachi Monk on Nov 14, 2023.
             Slain by a cerulean imp
             ... wielding a +2 spear
             ... summoned by Natasha
              (5 damage)
             ... on level 3 of the Dungeon.
             The game lasted 00:02:20 (1521 turns).

jagang the Slasher (Barachi Monk)                   Turns: 1521, Time: 00:02:20

Health: -3/38      AC:  8    Str: 12    XL:     4   Next: 75%
Magic:  4/4        EV:  7    Int: 10    God:
Gold:   101        SH:  0    Dex: 17    Spells: 3/3 levels left

rFire   . . .        a - +0 falchion
rCold   . . .        d - orb {light}
rNeg    . . .        g - +0 chain mail
rPois   .            (no helmet)
rElec   .            (no cloak)
rCorr   .            (no gloves)
SInv    .            (no boots)
Will    .....        (no amulet) Stlth
                     (no ring)
HPRegen 0.26/turn    (no ring)
MPRegen 0.09/turn

%: no passive effects
@: glowing, slow
A: amphibious, slowness 1, strong legs 1, +LOS
a: Hop


You were on level 3 of the Dungeon.
You visited 1 branch of the dungeon, and saw 3 of its levels.

You collected 101 gold pieces.

Inventory:

Hand Weapons
 a - a +0 falchion (weapon)
Armour
 b - a +0 robe
 d - an orb of light (worn)
 g - a +0 chain mail (worn)
Scrolls
 e - a scroll of blinking {unknown}
 h - 2 scrolls of noise {unknown}
 j - a scroll of brand weapon {unknown}
 m - 3 scrolls of fog {unknown}
Potions
 c - a potion of ambrosia
 f - 3 potions of heal wounds {unknown}
 i - a potion of magic {unknown}
 k - a potion of mutation {unknown}
 l - 3 potions of curing {unknown}


   Skills:
 + Level 4.4 Fighting
 * Level 5.2 Long Blades
 + Level 2.3 Armour
 - Level 3.2 Dodging


You had 3 spell levels left.
You didn't know any spells.
Your spell library was empty.

Dungeon Overview and Level Annotations

Branches:
Dungeon (3/15)

Altars:

Shops:
D:2 :

Annotations:
D:3 Natasha


Innate Abilities, Weirdness & Mutations

You are amphibious.
You cover ground slowly.
You can hop short distances.
You have an extended range of vision and can be seen from far away.


Message History

The cerulean imp hits you but does no damage.
The orc wizard hits you with a +0 dagger of electrocution.
* * * LOW HITPOINT WARNING * * *
A goblin comes into view. It is wielding a +0 dagger.
Natasha zaps a wand.
The bolt of dispelling energy hits you.
Your magical effects are unravelling.
* * * LOW HITPOINT WARNING * * *
The cerulean imp hits you from afar with a +2 spear.
* * * LOW HITPOINT WARNING * * *
You completely miss Natasha.
Natasha is severely wounded.
You feel less invigorated.
You feel yourself speed up.
You feel less confused. The cerulean imp closely misses you.
The orc wizard hits you but does no damage.
Natasha mumbles some strange words.
The cerulean imp completely misses you. The cerulean imp barely misses you.
The orc wizard hits you but does no damage.
Natasha casts a spell at you. The magic dart hits you.
* * * LOW HITPOINT WARNING * * *
You hit Natasha.
Natasha is almost dead.
The cerulean imp completely misses you.
A jackal comes into view.
The cerulean imp barely misses you. x2
The orc wizard hits you but does no damage.
Natasha casts a spell at you. You resist with some effort.
You completely miss Natasha.
Natasha is almost dead.
The jackal barks!
The cerulean imp hits you but does no damage.
The cerulean imp hits you with a +0 spear.
* * * LOW HITPOINT WARNING * * *
The cerulean imp hits you from afar with a +0 spear.
* * * LOW HITPOINT WARNING * * *
Natasha claws you but does no damage. The orc wizard barely misses you.
The cerulean imp hits you from afar with a +2 spear.
You die...

#......########
####......'......#
######
#.........######.#
###..... #.........# #.#
........ #...##'#### #.#
........##...##.#
#####.#
.......†......#.#
#.....#
......####)5..#.#
#.##### #### #oho@...#.#
#.#
#.hgh##h##.#.#####.#####
#..# .55 ....#....#....
#. ##.$.#####.####.##.
'...# #.#....##. #...#
#....####.
#...#######..####.
+................>
#.#########..####.


You could see an orc wizard, Natasha, 3 cerulean imps, an orc, 3 jackals and a
goblin.

Vanquished Creatures
  A hound (D:3)
  2 adders
  A worm (D:2)
  2 dart slugs
  An orc (D:3)
  3 ball pythons
  6 endoplasms
  3 giant cockroaches
  8 goblins
  4 hobgoblins
  3 bats
  4 frilled lizards
  6 kobolds
  4 rats (D:2)
48 creatures vanquished.

Notes
Turn   | Place    | Note
-------+----------+-------------------------------------------
     0 | D:1      | jagang the Barachi Monk began the quest for the Orb.
     0 | D:1      | Reached XP level 1. HP: 18/18 MP: 1/1
    89 | D:1      | Reached XP level 2. HP: 12/25 MP: 2/2
   159 | D:1      | Reached skill level 4 in Long Blades
   259 | D:1      | Reached skill level 1 in Armour
   522 | D:1      | Reached XP level 3. HP: 30/30 MP: 3/3
   830 | D:2      | Found Hoemuyng's Book Shoppe.
  1366 | D:3      | Reached XP level 4. HP: 34/37 MP: 4/4
  1390 | D:3      | Reached skill level 5 in Long Blades
  1508 | D:3      | Noticed Natasha
  1521 | D:3      | Slain by a cerulean imp

Illustrated notes

Levels and vault maps discovered:
D:1:      dpeg_arrival_rooms_c, layout_loops_cross, nicolae_titane
D:2:      layout_rooms, serial_shops, shop, minmay_hexomino_f4
D:3:      layout_basic, gammafunk_ghost_grave, serial_shops,
          nicolae_shop_pleasant_corner_grove, nicolae_underground_beach,
          uniq_natasha

Skill      XL: |  1  2  3  4 |
---------------+-------------+-----
Long Blades    | 4 5 |  5.2
Armour         | 1 2 |  2.3
Fighting       | 4 |  4.4
Dodging        | |  3.2

Action                     |  1- 3 |  4- 6 || total
---------------------------+-------+-------++-------
  Melee: Falchion          |   112 |    25 ||   137
    Use: Potion            |       |     1 ||     1
 Armour: Chain mail        |    42 |    19 ||    61
         Robe              |     5 |       ||     5
  Dodge: Dodged            |    44 |    16 ||    60
